 Dungeon Crawl Stone Soup version 0.22-a0-224-g8cf3520 (webtiles) character file.

20 Gorglomux the Skirmisher (level 2, -4/40 HPs)
             Began as a Minotaur Chaos Knight on Feb 19, 2018.
             Slain by an orange demon (7 damage)
             ... summoned by Xom
             ... on level 2 of the Dungeon.
             The game lasted 00:01:03 (802 turns).

Gorglomux the Skirmisher (Minotaur Chaos Knight)     Turns: 802, Time: 00:01:04

Health: -4/40      AC:  9    Str: 21    XL:     2   Next: 58%
Magic:  1/1        EV:  8    Int:  9    God:
Gold:   48         SH:  0    Dex:  9    Spells: 1/1 levels left

rFire    . . .     SeeInvis .   a - +0 hand axe (chaos)
rCold    . . .     Gourm    .   (no shield)
rNeg     . . .     Faith    .   i - +0 chain mail
rPois    .         Spirit   .   (helmet restricted)
rElec    .         Reflect  .   (no cloak)
rCorr    .         Harm     .   (no gloves)
MR       .....                  (no boots)
Stlth    ..........             (no amulet)
HPRegen  0.13/turn              (no ring)
MPRegen  0.07/turn              (no ring)

@: confused, berserking, very quick
A: retaliatory headbutt, horns 2
a: no special abilities


You were on level 2 of the Dungeon.
You were not hungry.

You visited 1 branch of the dungeon, and saw 2 of its levels.

You collected 48 gold pieces.

Inventory:

Hand Weapons
 a - a +0 hand axe of chaos (weapon)
Armour
 b - a +2 leather armour
 i - a +0 chain mail (worn)
Scrolls
 d - 6 scrolls of identify {unknown}
 f - a scroll of amnesia {unknown}
Potions
 h - a potion of magic {unknown}
Comestibles
 c - a ration


   Skills:
 + Level 4.0 Fighting
 + Level 3.9 Axes
 + Level 2.8 Armour
 + Level 1.7 Dodging


You had one spell level left.
You didn't know any spells.

Dungeon Overview and Level Annotations

Branches:
Dungeon (2/15)

Altars:


Innate Abilities, Weirdness & Mutations

You reflexively headbutt those who attack you in melee.
You have a pair of horns on your head.


Message History

Unknown command!
It was a potion of berserk rage!
A red film seems to cover your vision as you go butt!!!
You butt yourself moving faster!!!
You feel mighty!!!
You miss the ufetubus! You miss the shadow imp!
You open the red devil like a pillowcase!
You freeze the red devil! You open the iron imp but do no damage!
You chop the sun demon into pieces!!!
The sun demon convulses!!!
The ufetubus hits you butt does no damage!
The ufetubus closely misses you! The sun demon hits you!!!!!!
DANG You are engulfed in flames!!! * * * don't die
* * * You closely butts the red devil!
Your headbutt misses the red devil!
The red devil is lightly wounded!
Your chain butt prevents you from hitting the shadow imp!
You miss the ufetubus! You chop the sun demon into pieces!
You freeze the sun demon! You cut the iron imp into ribbons!
The orange demon stings you from afar!!! rip

#. #.#####.##
#........#
##########..###
..##...........#
#.##.######..#.# #
#.##.# #..#.# #.##.##
#.##.# #..#.#
#....54##5##.#
###..#.# #.45@55##.#
#....#.# ###5#33##<#
##.#.##.#
#45..4##.###....##.#
#.....((........##.#
#...#.##.###...###.#
..........((..<.##
...........†)........
.###.#.#####.#########
#.#. #.#


You could see a sun demon, an orange demon, a rust devil, a ynoxinul, 2 red
devils, 2 iron imps, a quasit, a crimson imp, a shadow imp and 2 ufetubi.

Vanquished Creatures
  A worm (D:2)
  A leopard gecko (D:1)
  4 giant cockroaches
  A goblin (D:2)
  2 hobgoblins
  2 kobolds
  A frilled lizard (D:1)
  2 rats (D:1)
14 creatures vanquished.

Notes
Turn   | Place    | Note
-------+----------+-------------------------------------------
     0 | D:1      | Gorglomux the Minotaur Chaos Knight began the quest for the Orb.
     0 | D:1      | Reached XP level 1. HP: 19/19 MP: 0/0
   179 | D:1      | XOM: silly message
   467 | D:1      | Reached XP level 2. HP: 27/27 MP: 1/1
   569 | D:1      | Fell from the grace of Xom
   747 | D:2      | Reached skill level 4 in Fighting
   799 | D:2      | XOM: summons 14 hostile demons
   800 | D:2      | Noticed an orange demon
   800 | D:2      | Noticed a red devil
   800 | D:2      | Noticed a ynoxinul
   800 | D:2      | Noticed a red devil
   800 | D:2      | Noticed a crimson imp
   800 | D:2      | Noticed a sun demon
   800 | D:2      | Noticed a rust devil
   802 | D:2      | Slain by an orange demon

Vault maps used:
D:1:      minmay_arrival_stair_chambers, fountainhead

Skill      XL: |  1  2 |
---------------+-------+-----
Fighting       | 4 |  4.0
Axes           | |  3.9
Armour         | |  2.8
Dodging        | |  1.7

Action                   || total
-------------------------++-------
Melee: Hand axe          ||    31
       Headbutt          ||     1
Invok: Renounce Religion ||     1
  Use: Potion            ||     1
Armor: Leather armour    ||     1
       Chain mail        ||    13
Dodge: Dodged            ||    17

Table legend:
 A = Spawn XP
 B = Non-spawn XP
 C = Spawn XP percentage of total XP
 D = Spawn monster count
 E = Non-spawn monster count
 F = Spawn count percentage of total count
 G = Total turns spent on level
                    A         B        C        D         E        F      G
               +---------+---------+-------+---------+---------+-------+---------
         Total |       0 |      29 |   0.0 |       0 |      14 |   0.0 |   802
               +---------+---------+-------+---------+---------+-------+---------
           D:1 |       0 |      14 |   0.0 |       0 |       8 |   0.0 |   643
           D:2 |       0 |      15 |   0.0 |       0 |       6 |   0.0 |   159
               +---------+---------+-------+---------+---------+-------+---------
